 Dungeon Crawl Stone Soup version 0.28.0 (webtiles) character file.

Game seed: 5526284326387962662

52 danielguo94 the Covered (level 3, 0/23 HPs)
             Began as a Gargoyle Fighter on Feb 6, 2022.
             Slain by an orc (4 damage)
             ... on level 4 of the Dungeon.
             The game lasted 00:01:28 (1232 turns).

danielguo94 the Covered (Gargoyle Fighter)          Turns: 1232, Time: 00:01:28

Health: 0/23       AC: 10    Str: 21    XL:     3   Next: 85%
Magic:  3/3        EV:  9    Int:  8    God:
Gold:   75         SH:  4    Dex:  9    Spells: 2/2 levels left

rFire   . . .      SeeInvis .   a - +0 flail
rCold   . . .      Faith    .   c - +0 buckler
rNeg    + . .      Spirit   .   b - +0 scale mail
rPois   ∞          Reflect  .   (no helmet)
rElec   +          Harm     .   (no cloak)
rCorr   .          Rampage  .   (no gloves)
Will    .....                   (no boots)
Stlth   ..........              (no amulet)
HPRegen 0.07/turn               (no ring)
MPRegen 0.08/turn               (no ring)

@: no status effects
A: sickness immunity, AC +3, negative energy resistance 1, electricity
resistance, torment resistance 1, petrification resistance
a: no special abilities


You were on level 4 of the Dungeon.
You visited 1 branch of the dungeon, and saw 3 of its levels.

You collected 75 gold pieces.

Inventory:

Hand Weapons
 a - a +0 flail (weapon)
Missiles
 e - 55 stones (quivered)
 f - 6 poisoned darts
Armour
 b - a +0 scale mail (worn)
 c - a +0 buckler (worn)
Scrolls
 i - a scroll of teleportation {unknown}
 j - a scroll of identify {unknown}
Potions
 d - a potion of might
 g - a potion of curing {unknown}
 h - a potion of flight {unknown}


   Skills:
 + Level 3.5 Fighting
 * Level 3.3 Maces & Flails
 + Level 3.6 Armour
 + Level 0.1 Dodging
 + Level 3.5 Shields


You had 2 spell levels left.
You didn't know any spells.
Your spell library contained the following spells:

 Spells                   Type           Power      Damage    Failure   Level
 Freeze                   Ice            0%         1d3       83%         1
 Frozen Ramparts          Ice            0%         1d2       99%         3
 Hailstorm                Conj/Ice       0%         3d3       100%        4
 Ice Form                 Ice/Tmut       0%         N/A       100%        4
 Summon Ice Beast         Ice/Summ       0%         N/A       100%        4


Dungeon Overview and Level Annotations

Branches:
Dungeon (2/15)

Altars:

Shops:
D:1 *   D:2 (


Innate Abilities, Weirdness & Mutations

You are immune to sickness and miasma.
Your stone body is resilient. (AC +3)
You are immune to poison.
You resist negative energy. (rN+)
You are resistant to electric shocks. (rElec)
You are resistant to unholy torment.
You are immune to petrification.


Message History

Something hits you.
You barely miss something. The orc barely misses you.
You hear some strange, mumbled words.
You are confused.
You bump into the rock wall.
Something hits you but does no damage.
You miss something. The orc closely misses you.
Something hits you but does no damage.
You bump into the rock wall.
The orc closely misses you. Something hits you.
You bump into the rock wall.
You feel less confused. The orc closely misses you.
You hear some strange, mumbled words.
Something tries to affect you, but you resist.
You sock something! The orc closely misses you.
Something hits you but does no damage. The orc closely misses you.
You hit something but do no damage. Something hits you but does no damage.
The orc barely misses you. Something hits you.
You miss something. The orc hits you but does no damage.
Something hits you but does no damage.
You hit something. The orc barely misses you. Something hits you.
* * * LOW HITPOINT WARNING * * *
The orc closely misses you.
You hear some strange, mumbled words.
You are confused.
You bump into the rock wall.
The orc hits you but does no damage. Something hits you but does no damage.
You barely miss something.
The orc hits you from afar with a +0 trident.
* * * LOW HITPOINT WARNING * * *
Something hits you but does no damage.
You bump into the rock wall.
You bump into the rock wall.
Something hits you but does no damage.
You feel less confused.
An orc wizard appears from thin air!
Reactivating autopickup.
The orc wizard casts a spell at you. You resist with significant effort.
The orc wizard hits you but does no damage.
The orc hits you from afar with a +0 trident.
You die...

..............#
........#....##
##....####..##
###..#####.######.# #
#.....##......... #. ##
#................ #..###.
#o###.###........ #..∩..
#.o.#.# ......... #...####
#.#@#.###........
#.##.....###o#.....#........
#.........##.###.#.#........
#..........#................
#........#...###.#.#.......
#.#####..##..# ....#..... #
...###.###.#.#.### ....
#...........#.# .#.
##........###.# .#


You could see an orc wizard and an orc.

Vanquished Creatures
  A hound skeleton (D:4)
  An orc (D:4)
  6 endoplasms
  A giant cockroach (D:1)
  5 goblins
  5 hobgoblins (D:1)
  2 quokkas
  3 ball pythons
  2 bats (D:1)
  A frilled lizard (D:1)
  5 kobolds
  3 rats
35 creatures vanquished.

Notes
Turn   | Place    | Note
-------+----------+-------------------------------------------
     0 | D:1      | danielguo94 the Gargoyle Fighter began the quest for the
                  | Orb.
     0 | D:1      | Reached XP level 1. HP: 14/14 MP: 1/1
    42 | D:1      | Found a faded altar of an unknown god.
    63 | D:1      | Reached XP level 2. HP: 6/19 MP: 2/2
   560 | D:1      | Found Eminor's Assorted Antiques.
   841 | D:1      | Reached XP level 3. HP: 23/23 MP: 3/3
  1093 | D:2      | Found Yjonnar's Antique Weapon Boutique.
  1141 | D:2      | You fall into a shaft and drop 2 floors!
  1232 | D:4      | Slain by an orc

Illustrated notes

Levels and vault maps discovered:
D:1:      lightli_molten_gateway, layout_rooms, serial_shops, shop,
          chequers_ecumenical_altar_twisty, minmay_distorted
D:2:      minmay_chambers_of_twos, layout_basic, serial_shops, shop,
          kennysheep_path_1, grunt_ministairs_6
D:4:      layout_rooms, abandoned_shop, minmay_misc_feat_roman

Skill      XL: |  1  2  3 |
---------------+----------+-----
Maces & Flails | 3 |  3.3
Fighting       | |  3.5
Armour         | |  3.6
Dodging        | |  0.1
Shields        | |  3.5

Action                   || total
-------------------------++-------
Melee: Flail             ||   116
  Use: Scroll            ||     1
Armor: Scale mail        ||    62
Dodge: Dodged            ||    71
Block: Buckler           ||    21
